 Dungeon Crawl Stone Soup version 0.17-a0-1181-gabc46e6 (webtiles) character file.

46049 Chiseanne the Imperceptible (level 14, -33/68 HPs)
             Began as a Spriggan Assassin on May 30, 2015.
             Was an Initiate of Gozag.
             Annihilated by Rupert
             ... wielding a +0 great mace of protection
              (49 damage)
             ... on level 13 of the Dungeon on May 31, 2015.
             The game lasted 02:04:01 (28092 turns).

Chiseanne the Imperceptible (Spriggan Assassin)    Turns: 28092, Time: 02:04:01

Health: -33/68     AC:  7    Str:  7    XL:     14   Next: 3%
Magic:  24/24      EV: 35    Int: 13    God:    Gozag
Gold:   2861       SH:  9    Dex: 22    Spells: 2 memorised, 9 levels left

rFire  + . .     SeeInvis +     s - +4 falchion (elec)
rCold  + . .     Clarity  .     A - +2 robe {rF+}
rNeg   . . .     SustAt   .     k - +1 buckler
rPois  +         Gourm    .     (helmet restricted)
rElec  +         Spirit   .     x - +2 cloak
rCorr  .         Warding  .     (gloves unavailable)
rMut   +         Stasis   .     (boots unavailable)
MR     ++...                    N - amulet of resist mutation
Stlth  ++++++++++               r - ring of Vehumet's Anger {rElec rPois MP+9 Slay+2}
                                f - ring of Qeolya Gagu {rPois rC+ Slay+3}

@: exhausted, slowed, quick, very resistant to hostile enchantments, uncannily
stealthy
A: unfitting armour, see invisible, herbivore 3, speed 3, slow metabolism 2
a: Potion Petition, Call Merchant, Bribe Branch, Renounce Religion


You were on level 13 of the Dungeon.
You worshipped Gozag.
Gozag was noncommittal.
You were full.

You visited 4 branches of the dungeon, and saw 21 of its levels.
You also visited: Volcano.

You collected 7396 gold pieces.
You spent 3173 gold pieces at shops.
You paid 1362 gold pieces to Gozag.

Inventory:

Hand weapons
 a - a +2 dagger of venom
 d - a +0 dagger of protection
 e - a +0 hand crossbow
 s - a +4 falchion of electrocution (weapon)
 w - a +0 blowgun
 y - a +3 rapier of flaming
 M - a +2 hand axe of chopping
 S - a +1 dagger of freezing
 Y - a +4 rapier
Missiles
 b - 23 bolts
 h - 26 tomahawks (quivered)
 p - 49 sling bullets
 v - 3 curare-tipped needles
 B - a throwing net
 K - 4 poisoned needles
 T - 4 poisoned tomahawks
Armour
 k - a +1 buckler (worn)
 x - a +2 cloak (worn)
 A - a +2 robe of fire resistance (worn)
 X - a +2 robe of cold resistance
Jewellery
 f - the ring of Qeolya Gagu (left hand) {rPois rC+ Slay+3}
   (You bought it in a shop on level 4 of the Orcish Mines)

   [ring of slaying]

   It affects your accuracy and damage with ranged weapons and melee attacks
   (+3).
   It protects you from cold.
   It protects you from poison.
 l - an uncursed ring of protection from fire
 r - the ring of Vehumet's Anger (right hand) {rElec rPois MP+9 Slay+2}
   (You found it on level 1 of the Lair of Beasts)

   [ring of magical power]

   It affects your accuracy and damage with ranged weapons and melee attacks
   (+2).
   It insulates you from electricity.
   It protects you from poison.
   It affects your magic capacity (+9).
 J - an uncursed ring of flight
 N - an amulet of resist mutation (around neck)
Magical devices
 D - a wand of cold (0)
Scrolls
 g - a scroll of recharging
 j - a scroll of amnesia
 n - 6 scrolls of remove curse
 E - 2 scrolls of identify
 H - 4 scrolls of teleportation
Potions
 i - 5 potions of lignification
 o - 3 potions of heal wounds
 q - 6 potions of berserk rage
 t - a potion of flight
 u - a potion of cure mutation
 z - 2 potions of resistance {unknown}
 G - 2 potions of might
 L - 3 potions of curing
Miscellaneous
 W - a lamp of fire (inert)
Comestibles
 c - 12 fruits
 C - 11 bread rations


   Skills:
 * Level 5.1 Fighting
 - Level 9.5 Short Blades
 - Level 2.1 Throwing
 * Level 16.9 Dodging
 * Level 26.3 Stealth
 * Level 3.6 Shields


You had 9 spell levels left.
You knew the following spells:

 Your Spells              Type           Power        Failure   Level  Hunger
a - Stoneskin             Trmt/Erth      #.......     63%         2    ###....
b - Ensorcelled Hibernat  Hex/Ice        #.....       63%         2    ###....


Dungeon Overview and Level Annotations

Branches:
Dungeon (13/15) Temple (1/1) D:4 Lair (3/8) D:11 Snake (0/4) Lair:3 Orc (4/4) D:9 Elf (0/3) Orc:3 Vaults (0/5) D:12 D:13 Swamp: Lair:3-6 Shoals: Lair:3-6

Altars:
Ashenzari
Cheibriados
Dithmenos
Elyvilon
Fedhas
Gozag
Kikubaaqudgha
Makhleb
Nemelex Xobeh
Okawaru
Qazlal
Ru
Sif Muna
Trog
Vehumet
Xom
Yredelemnul
Zin
The Shining One
Beogh

Shops:
D:6 (   D:9 (   D:11 (%:   D:12 *   Orc:4 ([=%

Annotations:
D:7 Menkaure
D:9 SAINT ROKA auf ORC4..INVIS!!!
D:13 Norris, Rupert
Lair:1 exclusions: 2 doors and downstairs
Orc:4 Saint Roka


Innate Abilities, Weirdness & Mutations

You are tiny and cannot use many weapons and most armour.
You have supernaturally acute eyesight.
You are a herbivore.
You cover ground extremely quickly.
You need consume almost no food.


Message History

You bump into the rock wall.
You feel a strong urge to attack something.
Rupert roars madly and goes into a rage!
Rupert goes berserk!
Found 14 gold pieces.
You bump into the rock wall.
You feel your anger subside.
You are no longer berserk.
You are exhausted.
You feel yourself slow down.
Rupert hits you with a great mace of protection!!
* * * LOW HITPOINT WARNING * * *
You bump into the rock wall.
Rupert misses you. Rupert completely misses you.
You bump into the rock wall.
You feel less confused. You block Rupert's attack.
Rupert hits you with a great mace of protection!!!
Ouch! That really hurt!
You die...
Your body crumbles into a pile of gold.

####### ##.##########
###.# # #...# # #
##.##### # ..
#......# ..$ #......#
.... #......# .....
######....[.#
......#.@@..........
........####......###
......### #####.##
..... .# ##.# # #


You could see Rupert (berserk).

Vanquished Creatures
  Donald (D:12)
  A ghoul (D:12)
  Fannar (D:10)
  An ogre mage (Volcano)
  A skeletal warrior (D:13)
  5 hill giants
  2 unseen horrors
  A wolf spider zombie (D:13)
  3 orc knights
  A cyclops (D:6)
  2 orc sorcerers
  A black mamba (Lair:3)
  An elephant (D:11)
  A gargoyle (D:13)
  A torpor snail (Lair:3)
  3 komodo dragons
  A redback zombie (D:13)
  5 spiny frogs
  3 two-headed ogres
  4 blink frogs (Lair:3)
  6 trolls
  A wyvern (D:8)
  A trapdoor spider zombie (D:10)
  17 yaks
  A shadow (D:6)
  Sigmund (D:2)
  6 humans
  7 hippogriffs
  A hungry ghost (D:13)
  10 wolves
  A warg (Orc:2)
  6 nagas (Lair:3)
  7 water moccasins
  37 orc warriors
  A necrophage (D:8)
  4 phantoms
  3 sky beasts
  8 porcupines
  3 black bears
  12 ogres
  2 crocodiles (Lair:3)
  5 centaurs
  3 ice beasts
  3 gnoll sergeants
  11 giant frogs
  5 scorpions
  A troll zombie (D:8)
  5 wights (D:8)
  7 killer bees
  7 crimson imps
  5 human zombies (D:8)
  A spectral giant frog (D:9)
  A wasp zombie (D:13)
  40 orc wizards
  2 centaur skeletons
  A giant frog zombie (D:10)
  4 hounds
  4 jellies
  Ijyb (D:3)
  4 giant frog skeletons
  26 orc priests
  An iron imp (D:9)
  8 iguanas
  6 worker ants
  15 sheep
  An ogre zombie (D:8)
  3 hound skeletons
  3 mummies
  24 gnolls
  18 river rats
  A worker ant zombie (D:10)
  11 adders
  3 shadow imps
  4 oozes
  2 adder skeletons
  9 giant geckos
  197 orcs
  2 ball pythons
  A bat skeleton (D:6)
  5 giant cockroaches
  28 goblins
  25 hobgoblins
  3 quokkas
  18 bats
  5 giant newts
  11 jackals
  A jackal zombie (D:5)
  21 kobolds
  19 rats
  2 butterflies
  2 fungi (Lair:3)
  A plant (Lair:3)
760 creatures vanquished.

Vanquished Creatures (collateral kills)
  A human (D:12)
  A naga (Lair:3)
  A plant (Lair:3)
3 creatures vanquished.

Vanquished Creatures (others)
  A hobgoblin (D:9)
1 creature vanquished.

Grand Total: 764 creatures vanquished

Notes
Turn   | Place    | Note
--------------------------------------------------------------
     0 | D:1      | Chiseanne the Spriggan Assassin began the quest for the Orb.
     0 | D:1      | Reached XP level 1. HP: 10/10 MP: 2/2
   108 | D:1      | Reached skill level 6 in Stealth
   302 | D:1      | Reached XP level 2. HP: 14/14 MP: 3/3
   616 | D:1      | Reached skill level 7 in Stealth
   901 | D:2      | Noticed Sigmund
   915 | D:2      | Killed Sigmund
   915 | D:2      | Reached skill level 9 in Stealth
   915 | D:2      | Reached XP level 3. HP: 7/18 MP: 4/4
   915 | D:2      | Reached XP level 4. HP: 8/22 MP: 5/5
   915 | D:2      | Reached XP level 5. HP: 9/25 MP: 6/6
  1441 | D:2      | Found a stormy altar of Qazlal.
  1442 | D:2      | Found an ancient bone altar of Kikubaaqudgha.
  1444 | D:2      | Found a shadowy altar of Dithmenos.
  1444 | D:2      | Found a glowing golden altar of the Shining One.
  1446 | D:2      | Found a sacrificial altar of Ru.
  1447 | D:2      | Found a sparkling altar of Nemelex Xobeh.
  1986 | D:2      | Reached skill level 10 in Stealth
  2073 | D:2      | Reached XP level 6. HP: 22/30 MP: 7/7
  3469 | D:3      | Noticed Ijyb
  3507 | D:3      | Killed Ijyb
  3792 | D:4      | Found a staircase to the Ecumenical Temple.
  3844 | Temple   | Entered the Ecumenical Temple
  3848 | Temple   | Became a worshipper of Gozag Ym Sagoz the Greedy
  3940 | D:4      | Reached skill level 5 in Dodging
  3940 | D:4      | Reached skill level 11 in Stealth
  4150 | D:4      | Reached XP level 7. HP: 33/33 MP: 8/8
  4355 | D:4      | Reached skill level 12 in Stealth
  4542 | D:5      | Entered Level 5 of the Dungeon
  4748 | D:5      | You fall through a shaft for 3 floors!
  4810 | D:7      | Noticed Menkaure
  4981 | D:8      | Reached skill level 13 in Stealth
  5234 | D:8      | Noticed a wyvern
  5284 | D:8      | Killed a wyvern
  5284 | D:8      | Reached XP level 8. HP: 22/37 MP: 9/9
  5507 | D:8      | Noticed a human
  5564 | D:8      | Killed a human
  5766 | D:8      | Reached skill level 14 in Stealth
  6545 | D:7      | Noticed a troll
  6606 | D:7      | Reached skill level 15 in Stealth
  6764 | D:6      | Reached XP level 9. HP: 17/41 MP: 10/10
  6784 | D:6      | Noticed a cyclops
  6811 | D:5      | Found a shimmering altar of Xom.
  7652 | D:6      | Found Isaob's Weapon Emporium.
  7891 | D:6      | Reached skill level 10 in Dodging
  7964 | D:6      | Reached skill level 16 in Stealth
  8373 | D:6      | Killed a cyclops
  9047 | D:6      | Found an iron altar of Okawaru.
  9768 | D:7      | Killed a troll
  9768 | D:7      | Reached XP level 10. HP: 48/48 MP: 11/11
  9994 | D:7      | Learned a level 2 spell: Stoneskin
 10488 | D:8      | Reached skill level 17 in Stealth
 10534 | D:8      | Found a basalt altar of Yredelemnul.
 10604 | D:9      | Found a staircase to the Orcish Mines.
 10606 | D:9      | Found Enuir's Weapon Boutique.
 11141 | D:9      | Found a snail-covered altar of Cheibriados.
 11205 | D:9      | Learned a level 2 spell: Ensorcelled Hibernation
 11545 | D:9      | Reached skill level 18 in Stealth
 11549 | D:9      | Reached skill level 1 in Shields
 12277 | D:9      | Found a shattered altar of Ashenzari.
 12331 | D:10     | Entered Level 10 of the Dungeon
 12396 | D:10     | Reached XP level 11. HP: 53/53 MP: 12/12
 12440 | D:10     | Noticed a hill giant
 12469 | D:10     | Killed a hill giant
 12484 | D:10     | Noticed a hill giant
 12487 | D:10     | Killed a hill giant
 12683 | D:10     | Reached XP level 12. HP: 58/58 MP: 13/13
 12721 | D:10     | Noticed Fannar
 12731 | D:10     | Killed Fannar
 13043 | D:10     | Reached skill level 19 in Stealth
 13287 | D:11     | Reached skill level 15 in Dodging
 13501 | D:11     | Found a staircase to the Lair.
 13792 | D:11     | Found Vuczogu's Food Shop.
 13819 | D:11     | Bought 2 fruits for 30 gold pieces
 13819 | D:11     | Bought 5 fruits for 75 gold pieces
 13819 | D:11     | Bought 2 fruits for 30 gold pieces
 13819 | D:11     | Bought a fruit for 15 gold pieces
 13819 | D:11     | Bought a bread ration for 50 gold pieces
 13819 | D:11     | Bought a bread ration for 50 gold pieces
 13936 | D:11     | Found a staircase to the Orcish Mines.
 13939 | D:11     | Found Wuekhliu's Book Boutique.
 14040 | D:11     | Found Onom Yni's Antique Weapon Shoppe.
 14048 | D:11     | Bought a runed rapier for 92 gold pieces
 14344 | D:11     | You fall through a shaft!
 14554 | Lair:1   | Entered Level 1 of the Lair of Beasts
 14853 | Lair:1   | Got a transparent jade ring
 14856 | Lair:1   | Identified the ring of Vehumet's Anger {rElec rPois MP+9 Slay+2} (You found it on level 1 of the Lair of Beasts)
 16148 | D:11     | Bought a manual of Stealth for 1545 gold pieces
 16336 | Lair:2   | Reached skill level 20 in Stealth
 16377 | Lair:2   | Found a shadowy altar of Dithmenos.
 17006 | Lair:3   | Reached skill level 21 in Stealth
 17349 | Lair:3   | Reached XP level 13. HP: 61/63 MP: 14/14
 17390 | Lair:3   | Reached skill level 22 in Stealth
 17972 | Lair:3   | Noticed a naga warrior
 17973 | Lair:3   | Found a staircase to the Snake Pit.
 18730 | Lair:3   | Reached skill level 23 in Stealth
 19133 | Orc:1    | Entered Level 1 of the Orcish Mines
 20752 | Orc:2    | Noticed an orc warlord
 20792 | Orc:3    | Found a staircase to the Elven Halls.
 20842 | Orc:2    | Paralysed by an orc sorcerer for 4 turns
 20854 | Orc:2    | Found a dark tunnel.
 20860 | Volcano  | Entered a volcano
 20905 | Volcano  | Found a bloodstained altar of Trog.
 20917 | Volcano  | Reached skill level 24 in Stealth
 22162 | Orc:4    | Entered Level 4 of the Orcish Mines
 22210 | Orc:4    | Found a roughly hewn altar of Beogh.
 22308 | Orc:4    | Reached skill level 25 in Stealth
 22567 | Orc:4    | Found a roughly hewn altar of Beogh.
 23052 | Orc:4    | Found a roughly hewn altar of Beogh.
 23150 | Orc:4    | Found a roughly hewn altar of Beogh.
 23151 | Orc:4    | Found Ceamesch's Jewellery Shoppe.
 23358 | Orc:4    | Bought a cursed amulet of inaccuracy for 30 gold pieces
 23361 | Orc:4    | Bought the ring of Qeolya Gagu {rPois rC+ Slay+3} for 948 gold pieces
 23431 | Orc:4    | Found a roughly hewn altar of Beogh.
 23441 | Orc:4    | Found Yhiodduz's Food Boutique.
 23473 | Orc:4    | Bought a bread ration for 60 gold pieces
 23473 | Orc:4    | Bought a bread ration for 60 gold pieces
 23966 | Orc:4    | Noticed Saint Roka
 25022 | Orc:4    | Found Haewoth's Antique Armour Boutique.
 25026 | Orc:4    | Found Epan's Antique Weapon Shop.
 25040 | Orc:4    | Found a roughly hewn altar of Beogh.
 25829 | D:12     | Reached skill level 26 in Stealth
 25864 | D:12     | Found Pibicef's Assorted Antiques.
 25871 | D:12     | Bought an embroidered robe for 15 gold pieces
 25871 | D:12     | Bought a potion of might for 88 gold pieces
 25871 | D:12     | Bought a scroll of remove curse for 66 gold pieces
 25871 | D:12     | Bought a fizzy yellow potion for 19 gold pieces
 26266 | D:13     | Found a gate to the Vaults.
 26266 | D:13     | Noticed Rupert
 26266 | D:13     | Noticed Norris
 26266 | D:13     | Noticed Donald
 26443 | D:12     | Killed Donald
 26571 | D:13     | Noticed a ghoul
 27555 | D:12     | Upgraded the game from 0.17-a0-1176-g3d5a0d0 to 0.17-a0-1181-gabc46e6
 27600 | D:12     | Killed a ghoul
 27654 | D:13     | Reached skill level 5 in Fighting
 27838 | D:13     | Reached XP level 14. HP: 37/68 MP: 15/15
 28079 | D:13     | Paralysed by Rupert for 2 turns
 28092 | D:13     | Annihilated by Rupert

Vault maps used:
D:1:      shiori_shiawase
D:2:      grunt_temple_overflow_open, st_stairs_14, kennysheep_generic_room_7,
          uniq_sigmund
D:3:      kennysheep_goblin_castle, first_bread
D:4:      minmay_temple_entry_butterflies, lemuel_another_geyser
D:5:      xom_butterflies
D:6:      hangedman_cross_stitches, nicolae_overflow_crystal_walls,
          serial_shops, shop, kennysheep_pointless_box,
          kennysheep_generic_room_13
D:7:      uniq_menkaure
D:8:      lemuel_mausoleum_altar_yredelemnul, grunt_pizzeria, kennysheep_boxes
D:9:      slow_altar_1, lemuel_coloured_pillars_altar, orc_david_3
D:10:     hangedman_weighted_door, uniq_fannar
D:11:     david_lair_generic, orc_0_dummy, serial_shops, nicolae_shop_stone,
          nicolae_shop_waterfront
D:13:     david_vaults_3, serial_undead, serial_undead_f, serial_undead_b,
          serial_undead_b, serial_undead_e, grunt_qazlal_clouds
Temple:   circular_temple_pool_8
Lair:1:   lemuel_fruit_tree
Lair:2:   basic_altar
Lair:3:   minmay_snake_entry_guardpost_large, serial_bayou_shore_b,
          grunt_megastairs_2, serial_bayou_shore_b, infiniplex_staircase_pool_2
Orc:1:    nicolae_orc_accident_1
Orc:2:    enter_volcano_2, basic_altar
Orc:3:    nicolae_orc_pool_cavern
Orc:4:    grunt_orc_community_town_hall, grunt_orc_community_big_house_1,
          grunt_orc_community_big_house_2, grunt_orc_community_house_1,
          grunt_orc_community_house_1, grunt_orc_community_house_3,
          grunt_orc_community_house_2, basic_altar
Volcano:  kennysheep_volcano_temple

Action                   |  1- 3 |  4- 6 |  7- 9 | 10-12 | 13-15 || total
-------------------------+-------+-------+-------+-------+-------++-------
Melee: Dagger            |    59 |   123 |   348 |   327 |   752 ||  1609
       Falchion          |       |       |   102 |   263 |   296 ||   661
       Hand axe          |       |       |       |    13 |    11 ||    24
 Fire: Blowgun           |     2 |    43 |    75 |   143 |   124 ||   387
       Hand crossbow     |       |       |     8 |       |    57 ||    65
Throw: Tomahawk          |       |       |    11 |    12 |    65 ||    88
Invok: Call Merchant     |       |       |       |     2 |       ||     2
Evoke: Wand              |       |       |       |     7 |     2 ||     9
       Lamp of fire      |       |       |       |       |     2 ||     2
  Use: Potion            |     2 |       |     1 |     3 |     5 ||    11
       Scroll            |       |    14 |     3 |    11 |     9 ||    37
 Stab: Sleeping          |     8 |    36 |    33 |    61 |    54 ||   192
       Distracted        |     1 |     1 |     8 |    19 |    36 ||    65
       Invisible         |       |       |       |     3 |       ||     3
  Eat: Fruit             |       |     5 |     2 |       |     7 ||    14
       Pizza             |       |       |       |     8 |     1 ||     9
       Royal jelly       |       |       |       |       |     2 ||     2
